 Dungeon Crawl Stone Soup version 0.31-a0-460-g9e667d4245 (webtiles) character file.

Game seed: 12379458593926630119

287 Sabo the Covered (level 6, -3/48 HPs)
             Began as a Demonspawn Fighter on Aug 4, 2023.
             Slain by a thrashing horror (8 damage)
             ... on level 1 of the Abyss.
             The game lasted 00:19:24 (3841 turns).

Sabo the Covered (Demonspawn Fighter)               Turns: 3841, Time: 00:19:26

Health: -3/48      AC: 12    Str: 18    XL:     6   Next: 8%
Magic:  6/6        EV:  7    Int: 10    God:
Gold:   214        SH:  5    Dex: 14    Spells: 5/5 levels left

rFire   . . .        a - +0 war axe
rCold   . . .        c - +0 buckler
rNeg    . . .        i - +0 chain mail
rPois   .            t - +2 helmet
rElec   .            (no cloak)
rCorr   .            (no gloves)
SInv    .            (no boots)
Will    .....        (no amulet) Stlth
                     (no ring)
HPRegen 0.28/turn    (no ring)
MPRegen 0.10/turn

%: no passive effects
@: no status effects
A: thin skeletal structure 1, foul stench 1, spiny 2
a: no special abilities


You were on level 1 of the Abyss.
You visited 1 branch of the dungeon, and saw 4 of its levels.
You visited the Abyss 1 time.

You collected 214 gold pieces.

Inventory:

Hand Weapons
 a - a +0 war axe (weapon)
Missiles
 e - 5 poisoned darts (quivered)
 k - 10 boomerangs
 l - 6 darts of dispersal
Armour
 c - a +0 buckler (worn)
 i - a +0 chain mail (worn)
 t - a +2 helmet (worn)
Scrolls
 m - a scroll of blinking
 n - 2 scrolls of teleportation
 p - a scroll of immolation {unknown}
 q - 3 scrolls of identify {unknown}
 s - 2 scrolls of fear {unknown}
 u - a scroll of noise {unknown}
Potions
 b - a potion of enlightenment {unknown}
 d - a potion of might
 f - 2 potions of attraction {unknown}
 g - 3 potions of degeneration {unknown}
 h - 2 potions of brilliance {unknown}
 j - a potion of heal wounds {unknown}
 o - a potion of cancellation {unknown}
 r - 2 potions of invisibility {unknown}


   Skills:
 + Level 3.8 Fighting
 + Level 3.5 Axes
 + Level 4.3 Armour
 + Level 0.5 Dodging
 + Level 0.1 Stealth
 + Level 3.3 Shields


You had 5 spell levels left.
You didn't know any spells.
Your spell library contained the following spells:

 Spells                   Type           Power      Damage    Failure   Level
 Blink                    Tloc           0%         N/A       100%        2
 Inner Flame              Hex/Fire       0%         N/A       100%        3
 Ozocubu's Armour         Ice            0%         N/A       100%        3
 Flame Wave               Conj/Fire      0%         2d4       100%        4
 Manifold Assault         Tloc           0%         N/A       100%        4
 Sticky Flame             Conj/Fire      0%         2d3       100%        4
 Ozocubu's Refrigeration  Ice            0%         4d7       100%        7


Dungeon Overview and Level Annotations

Branches:
Dungeon (4/15)
 Temple: D:4-7

Altars:
Kikubaaqudgha

Shops:
D:3 ([


Innate Abilities, Weirdness & Mutations

You have a somewhat thin skeletal structure. (Dex +2, Stealth+)
You may rarely emit foul miasma when damaged in melee.
You are mostly covered in sharp spines.


Message History

You slash the thrashing horror!
The thrashing horror is moderately damaged.
You closely miss the small abomination. The thrashing horror tramples you.
You hold your ground!
The thrashing horror tramples you but does no damage.
The small abomination is struck by your spines.
The small abomination completely misses you.
The thrashing horror closely misses you.
The thrashing horror tramples you but does no damage.
The small abomination hits you.
The thrashing horror tramples you but does no damage. x2
The small abomination is struck by your spines.
The small abomination hits you.
You block the thrashing horror's attack.
The thrashing horror tramples you but does no damage.
The thrashing horror is struck by your spines.
The thrashing horror tramples you but does no damage.
You block the thrashing horror's attack.
The thrashing horror attacks as you move away!
The thrashing horror is struck by your spines.
The thrashing horror tramples you but does no damage.
The thrashing horror tramples you. The thrashing horror barely misses you.
The thrashing horror closely misses you.
The thrashing horror attacks as you move away!
The thrashing horror barely misses you.
The thrashing horror tramples you but does no damage.
The thrashing horror is struck by your spines.
The thrashing horror tramples you.
You hold your ground!
The thrashing horror barely misses you.
The thrashing horror is struck by your spines.
The thrashing horror closely misses you. x2
Found a corrupted altar of Lugonu.
The thrashing horror attacks as you move away!
The thrashing horror is struck by your spines.
The thrashing horror tramples you!
* * * LOW HITPOINT WARNING * * *
You block the thrashing horror's attack.
The thrashing horror is struck by your spines.
The thrashing horror tramples you!
You die...

#.......#. # # #
..#.....# ..##
#.##..###.#....###
####....#.# ... .
#...Z.....# #.. .
#.#.x##..## #.# .#
##....#...# #
#.###X#.## #.
#@.## ## #.## ..#
...# ..#.. ###.#.
_ # #


You could see a thrashing horror, a small abomination and a dire elephant
zombie.

Vanquished Creatures
  2 orc wizards (D:2)
  Robin (D:3)
  5 gnolls
  8 adders
  2 worms (D:2)
  2 dart slugs
  An orc (D:2)
  7 endoplasms
  2 giant cockroaches
  18 goblins
  11 hobgoblins
  3 jackals (D:3)
  5 kobolds
  3 quokkas (D:1)
  7 ball pythons
  8 bats
  2 frilled lizards
  4 rats
91 creatures vanquished.

Notes
Turn   | Place    | Note
-------+----------+-------------------------------------------
     0 | D:1      | Sabo the Demonspawn Fighter began the quest for the Orb.
     0 | D:1      | Reached XP level 1. HP: 18/18 MP: 1/1
    82 | D:1      | Gained mutation: You are partially covered in sharp spines.
                  | [demonic ancestry]
    82 | D:1      | Reached XP level 2. HP: 24/24 MP: 2/2
   157 | D:1      | Reached skill level 3 in Armour
   569 | D:1      | Gained mutation: You are mostly covered in sharp spines.
                  | [demonic ancestry]
   569 | D:1      | Reached XP level 3. HP: 26/29 MP: 3/3
  1137 | D:2      | Gained mutation: You have a somewhat thin skeletal
                  | structure. (Dex +2, Stealth+) [demonic ancestry]
  1137 | D:2      | Reached XP level 4. HP: 36/36 MP: 4/4
  1353 | D:2      | Reached XP level 5. HP: 42/42 MP: 5/5
  2443 | D:3      | Found Xoidoiv's Antique Armour Boutique.
  2628 | D:3      | Reached skill level 4 in Armour
  2715 | D:3      | Noticed Robin
  2728 | D:3      | Killed Robin
  2889 | D:3      | Found Dynur's Antique Weapon Shop.
  3640 | D:4      | Found an ancient bone altar of Kikubaaqudgha.
  3710 | D:4      | Gained mutation: You may rarely emit foul miasma when
                  | damaged in melee. [demonic ancestry]
  3710 | D:4      | Reached XP level 6. HP: 48/48 MP: 6/6
  3761 | Abyss:1  | Cast into level 1 of the Abyss (goblin)
  3828 | Abyss:1  | Noticed a thrashing horror
  3840 | Abyss:1  | Found a corrupted altar of Lugonu.
  3841 | Abyss:1  | Slain by a thrashing horror

Illustrated notes

Levels and vault maps discovered:
D:1:      mrwooster_arrival_statue_3, layout_basic, minmay_quantized
D:2:      minmay_angry_zag, layout_loops_corners, dreamdust_mushroom_princess
D:3:      kennysheep_goblin_castle, layout_loops_cross, serial_shops,
          nicolae_diamond_shop, nicolae_shop_advertising_works
          [nicolae_subvault_shop_adworks], st_stairs_3,
          guppyfry_early_lair_pool, uniq_robin
D:4:      layout_basic, nicolae_overflow_crystal_walls,
          chequers_serial_rivers_micro_a
Abyss:1:  base: D:4, evilmike_abyss_exit_15, evilmike_abyss_exit_15

Skill      XL: |  1  2  3  4  5 |
---------------+----------------+-----
Armour         | 3 4 |  4.3
Axes           | 2 3 |  3.5
Shields        | 3 |  3.3
Fighting       | |  3.8
Dodging        | |  0.5
Stealth        | |  0.1

Action                     |  1- 3 |  4- 6 || total
---------------------------+-------+-------++-------
  Melee: War axe           |    70 |    92 ||   162
  Throw: Dart              |       |     2 ||     2
    Use: Scroll            |       |     2 ||     2
 Armour: Scale mail        |    24 |       ||    24
         Chain mail        |     9 |    61 ||    70
  Dodge: Dodged            |    32 |    39 ||    71
  Block: Buckler           |    21 |    28 ||    49

Table legend: (Time is in decaauts)
 A = Elapsed time spent in this place.
 B = Non-inter-level travel time spent in this place.
 C = Inter-level travel time spent in this place.
 D = Time resting spent in this place.
 E = Time spent auto-exploring this place.
 F = Levels seen in this place.
 G = Mean time per level.
                   A        B        C        D        E       F      G
               +--------+--------+--------+--------+--------+-----+--------+
         Total |   3922 |   3921 |      1 |    184 |      0 |   5 |  784.4 |
       Dungeon |   3829 |   3828 |      1 |    184 |      0 |   4 |  957.2 |
         Abyss |     92 |     92 |      0 |      0 |      0 |   1 |   92.0 |
               +--------+--------+--------+--------+--------+-----+--------+

Top non-repeatable levels by time:
     D:2: 1381 daAuts
     D:3: 1067 daAuts
     D:1: 850 daAuts
     D:4: 529 daAuts
 Abyss:1: 92 daAuts
